 Dungeon Crawl Stone Soup version 0.22.1-6-g1668fe2 (webtiles) character file.

54114 Malhgor the Arsonist (level 14, 0/122 HPs)
             Began as a Red Draconian Conjurer on Jan 27, 2019.
             Was a High Priest of Sif Muna.
             Killed from afar by a lindwurm (16 damage)
             ... with a blast of flame
             ... on level 6 of the Lair of Beasts on Jan 30, 2019.
             The game lasted 03:37:52 (32115 turns).

Malhgor the Arsonist (Red Draconian Conjurer)      Turns: 32115, Time: 03:37:53

Health: 0/122      AC: 15    Str: 13    XL:     14   Next: 33%
Magic:  19/35      EV: 17    Int: 20    God:    Sif Muna [*****.]
Gold:   874        SH:  7    Dex: 13    Spells: 9/30 levels left

rFire    + . .     SeeInvis .   B - staff of cold
rCold    + . .     Gourm    .   H - +2 buckler {AC+3}
rNeg     . . .     Faith    +   (armour unavailable)
rPois    .         Spirit   .   (helmet restricted)
rElec    .         Reflect  .   o - scarf {repulsion}
rCorr    .         Harm     .   M - +2 pair of gloves {Str+3}
MR       ++...                  Y - +0 pair of boots
Stlth    ++........             D - amulet of faith
HPRegen  0.30/turn              i - ring of wizardry
MPRegen  0.24/turn              s - ring of magical power

@: about to teleport, repel missiles
A: breathe fire, unfitting armour, horns 1, fire resistance 1, magic resistance
1, cold-blooded, AC +8
a: Breathe Fire, Divine Energy, Channel Magic, Forget Spell, Renounce Religion


You were on level 6 of the Lair of Beasts.
You worshipped Sif Muna.
Sif Muna was extremely pleased with you.
You were near starving.

You visited 3 branches of the dungeon, and saw 18 of its levels.
You visited 1 bazaar.

You collected 1386 gold pieces.
You spent 512 gold pieces at shops.

Inventory:

Hand Weapons
 z - a +0 quarterstaff of crushing
Missiles
 e - 360 stones (quivered)
Armour
 o - a scarf of repulsion (worn)
 H - a +2 buckler of protection (worn)
 M - a +2 pair of gloves of strength (worn)
 Y - a +0 pair of boots (worn)
Magical Staves
 B - an uncursed staff of cold (weapon)
Jewellery
 c - an uncursed amulet of magic regeneration
 f - an uncursed ring of protection from cold
 i - a ring of wizardry (left hand)
 s - a ring of magical power (right hand)
 t - a +5 amulet of reflection
 x - an uncursed ring of fire
 C - an uncursed ring of protection from cold
 D - an amulet of faith (around neck)
 E - the ring "Yngoclif" {*Tele rF+ rC+ Stlth+}
   (You found it on level 7 of the Dungeon)

   [ring of teleportation]

   It may teleport you next to monsters.
   It protects you from fire.
   It protects you from cold.
   It makes you more stealthy.
 J - an uncursed ring of protection from fire
 R - a +2 amulet of reflection
Wands
 h - a wand of disintegration (10)
 l - a wand of iceblast (32)
 w - a wand of paralysis (26)
 A - a wand of digging (19)
 F - a wand of enslavement (17)
 K - a wand of random effects (21)
 L - a wand of flame (30)
Scrolls
 a - 12 scrolls of identify
 d - 7 scrolls of fog
 g - 11 scrolls of teleportation
 j - 2 scrolls of enchant armour {unknown}
 k - 4 scrolls of remove curse
 n - 3 scrolls of blinking {unknown}
 p - 2 scrolls of noise {unknown}
 q - 6 scrolls of enchant weapon {unknown}
 r - 3 scrolls of immolation {unknown}
 u - 2 scrolls of magic mapping
 v - 3 scrolls of random uselessness {unknown}
 N - a scroll of torment {unknown}
 Q - 2 scrolls of fear
 S - 2 scrolls of amnesia {unknown}
Potions
 m - 4 potions of curing
 G - a potion of brilliance
 I - a potion of cancellation {unknown}
 O - a potion of invisibility {unknown}
 P - 2 potions of flight
 T - a potion of haste
 V - a potion of ambrosia
 X - a potion of might
Miscellaneous
 y - a lamp of fire
 U - a lamp of fire
Comestibles
 b - 17 rations


   Skills:
 + Level 10.3 Fighting
 - Level 5.0 Staves
 + Level 9.0 Dodging
 - Level 1.7 Stealth
 - Level 4.0 Shields
 + Level 8.7 Spellcasting
 + Level 11.3 Conjurations
 - Level 3.0 Hexes
 - Level 3.0 Translocations
 + Level 12.6 Fire Magic
 - Level 8.0 Invocations
 - Level 7.0 Evocations


You had 9 spell levels left.
You knew the following spells:

 Your Spells              Type           Power        Failure   Level  Hunger
a - Magic Dart            Conj           ####         1%          1    None
b - Searing Ray           Conj           ######       1%          2    None
c - Iskenderun's Mystic   Conj           ######..     1%          4    ###....
d - Fulminant Prism       Conj/Hex       #####.....   1%          4    ###....
e - Dazzling Spray        Conj/Hex       #####.       1%          3    None
f - Fireball              Conj/Fire      ######....   1%          5    #####..
g - Blink                 Tloc           N/A          1%          2    None

Your spell library contained the following spells:

 Spells                   Type           Power        Failure   Level  Hunger
 Sting                    Conj/Pois      ####         1%          1    None
 Slow                     Hex            ###.....     1%          2    None
 Conjure Flame            Conj/Fire      ######..     1%          3    None
 Ignite Poison            Fire/Tmut/Pois ####....     1%          3    None
 Mephitic Cloud           Conj/Pois/Air  ###.....     1%          3    None
 Force Lance              Conj/Tloc      #####...     1%          4    ###....
 Shroud of Golubria       Chrm/Tloc      ##........   2%          2    None
 Gell's Gravitas          Tloc           ###.......   2%          3    None
 Lesser Beckoning         Tloc           ###.......   2%          3    None
 Teleport Other           Tloc           ###.....     2%          3    None
 Beastly Appendage        Tmut           #.....       3%          1    None
 Sandblast                Erth           #.....       3%          1    None
 Bolt of Fire             Conj/Fire      ######....   3%          6    ######.
 Call Imp                 Summ           #.......     4%          2    None
 Corpse Rot               Necr           N/A          4%          2    None
 Passwall                 Tmut/Erth      #.......     4%          2    None
 Sticks to Snakes         Tmut           #.......     4%          2    None
 Sublimation of Blood     Necr           #.........   4%          2    None
 Passage of Golubria      Tloc           N/A          9%          4    ###....
 Bolt of Draining         Conj/Necr      ####......   9%          5    #####..
 Lightning Bolt           Conj/Air       ####......   9%          5    #####..
 Spider Form              Tmut/Pois      #.........   10%         3    None
 Ice Form                 Ice/Tmut       ##......     30%         4    ###....
 Petrify                  Tmut/Erth      #.......     30%         4    ###....
 Summon Lightning Spire   Summ/Air       #.......     30%         4    ###....
 Silence                  Hex/Air        ##........   41%         5    #####..
 Conjure Ball Lightning   Conj/Air       ####......   43%         6    ######.
 Iron Shot                Conj/Erth      ####......   43%         6    ######.
 Agony                    Necr           #.......     61%         5    #####..
 Blade Hands              Tmut           #.........   61%         5    #####..
 Dispel Undead            Necr           #.......     61%         5    #####..
 Excruciating Wounds      Chrm/Necr      #.........   61%         5    #####..
 Lee's Rapid Deconstruct  Erth           #.........   61%         5    #####..
 Ignition                 Fire           ######....   71%         8    #######
 Ring of Flames           Chrm/Fire      ####......   86%         7    #######
 Deflect Missiles         Chrm/Air       #.........   99%         6    ######.
 Tornado                  Air            #.........   100%        9    #######


Dungeon Overview and Level Annotations

Branches:
Dungeon (11/15)            Temple (1/1) D:5            Lair (6/6) D:11
  Swamp (0/4) Lair:4        Snake (0/4) Lair:2        Slime (0/5) Lair:5
    Orc (0/2) D:10

Altars:
Ashenzari
Cheibriados
Dithmenos
Elyvilon
Fedhas
Gozag
Hepliaklqana
Kikubaaqudgha
Makhleb
Nemelex Xobeh
Okawaru
Qazlal
Ru
Sif Muna
Trog
Uskayaw
Vehumet
Wu Jian
Xom
Yredelemnul
Zin
The Shining One
Jiyva

Shops:
D:4 ?}?(   D:6 (   D:8 [[%*

Annotations:
D:1 Done
D:2 Done
D:3 Done
D:4 Done
D:6 Done
D:7 Done
D:8 3 runed doors, smtktc's ghost, novice DECj
D:9 Done
D:10 Done
D:11 Done
Lair:1 Done
Lair:2 Done
Lair:3 Done
Lair:4 Done
Lair:5 Done
Lair:6 1 runed door


Innate Abilities, Weirdness & Mutations

You can breathe blasts of fire.
Your fiery red scales are hard. (AC +8)
You cannot fit into any form of body armour.
Your flesh is heat resistant. (rF+)
You are cold-blooded and may be slowed by cold attacks.
You have a pair of small horns on your head.
You are resistant to hostile enchantments. (MR+)


Message History

Press ? for a list of commands and other information.
Okay, then.
Cast which spell? (? or * to list)
Okay, then.
Okay, then.
Okay, then.
As you read the scroll of teleportation, it crumbles to dust.
You feel strangely unstable.
You feel yourself speed up.
Being near the torpor snail leaves you feeling lethargic.
You block the lindwurm's attack.
The lindwurm claws you but does no damage.
The lindwurm claws you.
* * * LOW HITPOINT WARNING * * *
Cast which spell? (? or * to list)
You blink.
You feel yourself speed up. The lindwurm breathes flames at you.
The blast of flame hits you! You resist.
You die...

##########. ##.### ####
#..#. #..w.# .#.# ###..
#)...# ..... #.... ##...y
..... #.... #..P. (...[#
##... #.P. ## #......
##P.#. #P.##.# ##.#....
#..##. #.k.####@#...#
#...## ##...##.#...#
##..## ##...#ยง...####
##..# ######wk.....#.##
#..# ##...####......#.##
##..
#.....##.###....#.#### ##.
##....### ##.....##.# ###
#..### ####..#.....## ##..
#...####.....##.....###...


You could see a lindwurm.

Vanquished Creatures
  Snorg (Lair:6)
  An ice dragon (Lair:5)
  4 hydras
  A catoblepas (Lair:5)
  A two-headed ogre (D:10)
  8 death yaks
  Urug (D:10)
  Pikel (D:8)
  2 lindwurms (Lair:6)
  A deep elf mage (D:7)
  2 cyclopes
  A manticore (D:11)
  4 oklob plants (Lair:2)
  18 elephants
  Maurice (D:8)
  Psyche (D:10)
  6 spiny frogs
  4 black mambas
  2 gargoyles
  5 torpor snails (Lair:6)
  2 rime drakes
  6 komodo dragons
  2 kobold demonologists
  A troll (D:10)
  2 polar bears
  3 tyrant leeches (Lair:6)
  9 hornets (Lair:6)
  Prince Ribbit (Lair:3)
  2 hippogriffs
  A slime creature (D:11)
  13 blink frogs
  15 dream sheep
  21 yaks
  2 basilisks
  2 wraiths
  2 wyverns
  Menkaure (D:4)
  Grum (D:8)
  19 water moccasins
  An orc warrior (D:9)
  7 porcupines
  6 ice beasts
  A sky beast (D:11)
  10 ogres
  3 black bears
  2 slaves (D:8)
  A phantom (D:4)
  23 wolves
  6 centaurs
  13 crocodiles
  7 big kobolds
  13 bullfrogs
  2 gnoll sergeants (D:10)
  2 scorpions (D:7)
  A water moccasin skeleton (D:7)
  7 wights
  2 howler monkeys
  2 electric eels (Lair:1)
  3 crimson imps
  A quasit (D:4)
  5 hounds
  A centaur zombie (D:7)
  7 jellies
  2 orc priests (D:4)
  5 orc wizards
  2 bullfrog skeletons
  A centaur skeleton (D:11)
  9 worker ants
  6 hell rats (Lair:6)
  A hound zombie (D:7)
  A hound skeleton (D:11)
  2 worker ant zombies
  11 adders
  2 gnolls
  A river rat (D:11)
  4 shadow imps
  3 white imps (Lair:6)
  9 oozes
  An adder skeleton (D:7)
  8 worms
  2 dart slugs (D:1)
  A leopard gecko (D:8)
  40 orcs
  8 giant cockroaches
  5 goblins
  7 hobgoblins
  5 jackals
  5 quokkas
  3 ball pythons
  A ball python skeleton (D:4)
  10 bats
  9 frilled lizards
  A jackal skeleton (D:4)
  15 kobolds
  A leopard gecko skeleton (D:4)
  2 quokka skeletons
  A quokka zombie (D:6)
  15 rats
  5 bushes (Lair:2)
  A fungus (Lair:6)
  12 plants
  4 toadstools (D:1)
517 creatures vanquished.

Vanquished Creatures (others)
  2 slaves (D:8)
  An ogre (D:8)
  A wolf (D:8)
  A bullfrog (D:8)
  A worker ant zombie (D:8)
  An adder (D:8)
  2 kobolds (D:8)
  29 fulminant prisms
  32 fungi
  39 plants
109 creatures vanquished.

Grand Total: 626 creatures vanquished

Notes
Turn   | Place    | Note
-------+----------+-------------------------------------------
     0 | D:1      | Malhgor the Draconian Conjurer began the quest for the Orb.
     0 | D:1      | Reached XP level 1. HP: 14/14 MP: 3/3
   275 | D:1      | Reached XP level 2. HP: 20/20 MP: 1/5
   283 | D:1      | Learned a level 2 spell: Searing Ray
   507 | D:1      | Reached XP level 3. HP: 17/26 MP: 0/7
  1579 | D:2      | Reached XP level 4. HP: 33/33 MP: 3/8
  2103 | D:2      | Learned a level 4 spell: Iskenderun's Mystic Blast
  2313 | D:3      | Reached skill level 5 in Conjurations
  2757 | D:3      | Reached skill level 1 in Fighting
  2762 | D:3      | Reached XP level 5. HP: 20/40 MP: 0/9
  3554 | D:4      | Noticed an ogre
  3568 | D:4      | Killed an ogre
  3775 | D:4      | Reached XP level 6. HP: 36/48 MP: 1/11
  3856 | D:4      | Found Gumicoun's Weapon Shop.
  4037 | D:4      | Found Ecva's Magic Scroll Shop.
  4073 | D:5      | Entered Level 5 of the Dungeon
  4385 | D:4      | Found Lamoqie's Magic Scroll Emporium.
  4385 | D:4      | Found Jeklat's Gadget Emporium.
  4394 | D:4      | Bought a scroll of magic mapping for 49 gold pieces
  4423 | D:4      | Your scales start taking on a fiery red colour.
  4423 | D:4      | Reached XP level 7. HP: 56/56 MP: 6/12
  4423 | D:4      | Gained mutation: Your flesh is heat resistant. (rF+) [Red
                  | Draconian growth]
  4431 | D:4      | Noticed Menkaure
  4439 | D:4      | Killed Menkaure
  4560 | D:4      | Bought a scroll of teleportation for 33 gold pieces
  4560 | D:4      | Bought a scroll of identify for 22 gold pieces
  4560 | D:4      | Bought a scroll of remove curse for 33 gold pieces
  4809 | D:5      | Gained mutation: Your spells are a little easier to cast,
                  | but a little less powerful. [potion of mutation]
  4809 | D:5      | Gained mutation: You can translocate small distances at
                  | will. [potion of mutation]
  4940 | D:4      | Reached XP level 8. HP: 27/66 MP: 0/14
  5593 | D:4      | Learned a level 4 spell: Fulminant Prism
  6022 | D:5      | Found a staircase to the Ecumenical Temple.
  6029 | Temple   | Entered the Ecumenical Temple
  6213 | Temple   | Became a worshipper of Sif Muna the Loreminder
  6582 | D:5      | Reached skill level 1 in Invocations
  6582 | D:5      | Reached skill level 1 in Evocations
  6764 | D:6      | Reached skill level 1 in Hexes
  6783 | D:6      | Reached skill level 5 in Spellcasting
  7158 | D:6      | Found Yczeyrph's Weapon Shoppe.
  7266 | D:6      | Found a radiant altar of Vehumet.
  7474 | D:7      | Reached skill level 5 in Fighting
  7518 | D:7      | Reached XP level 9. HP: 58/74 MP: 7/16
  7776 | D:8      | Reached skill level 5 in Dodging
  7910 | D:7      | Reached skill level 1 in Shields
  7925 | D:7      | Found an ancient bone altar of Kikubaaqudgha.
  7926 | D:7      | Found a shadowy altar of Dithmenos.
  7926 | D:7      | Found a blossoming altar of Fedhas.
  7926 | D:7      | Found a sparkling altar of Nemelex Xobeh.
  8292 | D:7      | Noticed a kobold demonologist
  8292 | D:7      | Noticed a deep elf mage
  8400 | D:7      | Learned a level 3 spell: Dazzling Spray
  8417 | D:7      | Noticed a hellwing
  8418 | D:7      | Killed a kobold demonologist
  8488 | D:7      | Reached * piety under Sif Muna
  8664 | D:7      | Killed a deep elf mage
  8664 | D:7      | Reached skill level 1 in Staves
  8755 | D:7      | Reached XP level 10. HP: 37/83 MP: 10/18
  8791 | D:7      | Got a faintly glowing bronze ring
  8792 | D:7      | Identified the Disquisition on Earth
  8799 | D:7      | Identified the ring "Yngoclif" {*Tele rF+ rC+ Stlth+} (You
                  | found it on level 7 of the Dungeon)
  9088 | D:8      | Found Pogeghak's General Store.
  9090 | D:8      | Noticed Pikel
  9188 | D:8      | Killed Pikel
  9385 | D:8      | Noticed Maurice
  9635 | D:8      | Noticed Grum
  9648 | D:8      | Killed Grum
  9712 | D:8      | Found Haerud Zoddu's Antique Armour Shoppe.
  9721 | D:8      | Found Lisattuu's Food Emporium.
  9928 | D:8      | Found Jygacs's Antique Armour Boutique.
  9930 | D:8      | Killed Maurice
  9958 | D:8      | Bought a glowing buckler for 225 gold pieces
 10068 | D:8      | Found a runed gate.
 10068 | D:8      | Found a runed gate.
 10068 | D:8      | Found a runed gate.
 10069 | D:8      | Noticed smtktc's ghost (novice DECj)
 10995 | D:9      | Lost mutation: You can translocate small distances at will.
                  | [potion of mutation]
 10995 | D:9      | Lost mutation: Your spells are a little easier to cast, but
                  | a little less powerful. [potion of mutation]
 10995 | D:9      | Gained mutation: You are resistant to hostile enchantments.
                  | (MR+) [potion of mutation]
 10995 | D:9      | Gained mutation: You have a pair of small horns on your
                  | head. [potion of mutation]
 11144 | D:10     | Entered Level 10 of the Dungeon
 11573 | D:10     | Noticed Urug
 11593 | D:10     | Killed Urug
 11593 | D:10     | Reached ** piety under Sif Muna
 11593 | D:10     | Reached skill level 5 in Invocations
 11919 | D:11     | Noticed a cyclops
 11943 | D:11     | Killed a cyclops
 12023 | D:11     | Noticed a gargoyle
 12036 | D:11     | Killed a gargoyle
 12036 | D:11     | Reached XP level 11. HP: 39/92 MP: 1/20
 12168 | D:11     | Found a flickering gateway to a bazaar.
 12173 | D:11     | Noticed a death yak
 12178 | D:11     | Noticed a death yak
 12180 | D:11     | Noticed a death yak
 12184 | Bazaar   | Entered a bazaar
 12184 | Bazaar   | Found Oniad's Gadget Shoppe.
 12184 | Bazaar   | Found Cenu's Armour Shoppe.
 12184 | Bazaar   | Found Owomepla's Assorted Antiques.
 12186 | Bazaar   | Found Focit's Book Emporium.
 12209 | Bazaar   | Bought a +2 pair of gloves of strength for 150 gold pieces
 12369 | D:11     | Found a sacrificial altar of Ru.
 12419 | D:10     | Noticed a two-headed ogre
 12574 | D:10     | Killed a two-headed ogre
 12741 | D:10     | Learned a level 5 spell: Fireball
 12812 | D:10     | Found a staircase to the Orcish Mines.
 12904 | D:9      | Reached skill level 1 in Fire Magic
 13243 | D:10     | Reached skill level 2 in Fire Magic
 13519 | D:10     | Reached skill level 3 in Fire Magic
 13774 | D:10     | Noticed Psyche
 13793 | D:10     | Reached skill level 4 in Fire Magic
 13893 | D:10     | Paralysed by Psyche for 2 turns
 13895 | D:10     | Killed Psyche
 14104 | D:10     | Reached skill level 5 in Fire Magic
 14208 | D:10     | Reached *** piety under Sif Muna
 14349 | D:10     | Reached skill level 6 in Fire Magic
 14387 | D:11     | Found a staircase to the Lair.
 14769 | D:10     | Killed a death yak
 14769 | D:10     | Reached skill level 7 in Fire Magic
 15718 | D:10     | Killed a death yak
 15718 | D:10     | Reached skill level 8 in Fire Magic
 15926 | D:10     | Killed a death yak
 15926 | D:10     | Reached skill level 9 in Fire Magic
 16281 | D:11     | Noticed a sixfirhy
 16296 | D:11     | Noticed a sixfirhy
 16667 | D:11     | Reached **** piety under Sif Muna
 16695 | D:11     | Reached skill level 10 in Fire Magic
 16869 | Lair:1   | Entered Level 1 of the Lair of Beasts
 16980 | D:11     | HP: 2/92 [yak (11)]
 16985 | D:11     | Reached skill level 5 in Evocations
 17897 | Lair:1   | Reached XP level 12. HP: 100/100 MP: 21/21
 17901 | Lair:1   | Noticed a four-headed hydra
 17910 | Lair:1   | Killed a four-headed hydra
 19640 | Lair:2   | Found a staircase to the Snake Pit.
 21592 | Lair:2   | Reached ***** piety under Sif Muna
 21593 | Lair:2   | Identified Sif Muna's Almanac of the Excruciating Volcanoes
                  | (Sif Muna gifted it to you on level 2 of the Lair of
                  | Beasts)
 21593 | Lair:2   | Received a gift from Sif Muna
 21673 | Lair:3   | Noticed Prince Ribbit
 21677 | Lair:3   | Killed Prince Ribbit
 21834 | Lair:4   | Found a staircase to the Swamp.
 22011 | Lair:3   | Reached skill level 5 in Staves
 22024 | Lair:3   | Reached skill level 11 in Fire Magic
 22265 | Lair:4   | Reached skill level 10 in Conjurations
 22538 | Lair:3   | Learned a level 2 spell: Blink
 22538 | Lair:3   | You fall through a shaft!
 23189 | Lair:5   | Noticed a death yak
 23194 | Lair:5   | Noticed a death yak
 23287 | Lair:5   | Noticed a death yak
 23310 | Lair:4   | Killed a death yak
 23594 | Lair:4   | Killed a death yak
 23594 | Lair:4   | Reached skill level 1 in Translocations
 23594 | Lair:4   | Reached XP level 13. HP: 69/108 MP: 1/24
 24157 | Lair:5   | Found a viscous altar of Jiyva.
 24157 | Lair:5   | Found a staircase to the Slime Pits.
 25305 | Lair:6   | Entered Level 6 of the Lair of Beasts
 27334 | Lair:5   | Received a gift from Sif Muna
 28190 | Lair:6   | Noticed Snorg
 28223 | Lair:6   | Killed Snorg
 28223 | Lair:6   | Reached skill level 12 in Fire Magic
 28678 | Lair:6   | Found a runed door.
 28986 | Lair:6   | Paralysed by a hornet for 1 turns
 29317 | Lair:6   | Reached XP level 14. HP: 68/119 MP: 10/26
 29342 | Lair:6   | Paralysed by a hornet for 1 turns
 29938 | Lair:6   | Reached skill level 10 in Fighting
 32115 | Lair:6   | Killed from afar by a lindwurm

Skill      XL: |  1  2  3  4  5  6  7  8  9 10 11 12 13 14 |
---------------+-------------------------------------------+-----
Dodging        | 2 3 4 5 6 7 8 9 |  9.0
Spellcasting   | 3 4 5 6 7 8 |  8.7
Conjurations   | 5 6 7 8 9 10 11 | 11.3
Fighting       | 1 2 3 5 6 7 8 9 10 | 10.3
Invocations    | 2 3 5 7 8 |  8.0
Evocations     | 2 3 4 5 6 7 |  7.0
Hexes          | 1 3 |  3.0
Shields        | 2 3 4 |  4.0
Staves         | 1 3 5 |  5.0
Fire Magic     | 10 11 12 | 12.6
Translocations | 1 3 |  3.0
Stealth        | |  1.7

Action                   |  1- 3 |  4- 6 |  7- 9 | 10-12 | 13-15 || total
-------------------------+-------+-------+-------+-------+-------++-------
Melee: Unarmed           |    40 |       |       |       |       ||    40
       Tailslap          |    13 |     9 |     4 |    21 |     2 ||    49
       Short sword       |    33 |    39 |       |       |       ||    72
       Flail             |       |    48 |    45 |       |       ||    93
       Quarterstaff      |       |       |     8 |    44 |       ||    52
       Staff             |       |       |       |   138 |    14 ||   152
       Headbutt          |       |       |       |    16 |     3 ||    19
Throw: Stone             |     8 |       |       |       |       ||     8
 Cast: Magic Dart        |    79 |   106 |   179 |   404 |   176 ||   944
       Searing Ray       |     2 |    13 |    37 |   115 |   172 ||   339
       Iskenderun's Myst |       |       |     4 |    43 |    17 ||    64
       Dazzling Spray    |       |       |       |     6 |     1 ||     7
       Fulminant Prism   |       |       |       |    25 |     4 ||    29
       Fireball          |       |       |       |    41 |    28 ||    69
       Blink             |       |       |       |     2 |    15 ||    17
Invok: Channel Magic     |       |       |       |     1 |     1 ||     2
 Abil: Blink             |       |       |       |     1 |       ||     1
       Breathe Fire      |       |       |       |    15 |     5 ||    20
Evoke: Wand              |       |       |       |    28 |    10 ||    38
       Lamp of fire      |       |       |       |       |     1 ||     1
  Use: Potion            |       |       |     8 |     5 |       ||    13
       Scroll            |       |       |     2 |    12 |     2 ||    16
 Stab: Sleeping          |       |     1 |     1 |       |       ||     2
       Paralysed         |       |       |       |     8 |       ||     8
  Eat: Chunk             |     3 |     9 |    11 |    45 |    27 ||    95
       Ration            |       |       |     1 |     7 |     2 ||    10
Armor: Skin              |    29 |    48 |    71 |   185 |   218 ||   551
Dodge: Dodged            |    66 |    89 |   198 |   492 |   407 ||  1252
       Deflected         |       |     1 |    12 |    12 |     4 ||    29
Block: Buckler           |       |       |       |   233 |   207 ||   440
